Map: Newkirk Precinct TE (Void)

Players

souL

  • Race: Terran Terran
  • Spawn Location: 5:00

Elazer - Winner!

  • Race: Zerg Zerg
  • Spawn Location: 7:00

Event: IEM XI Katowice - World Championship 2017

VOD

Have the link to the VOD?

Description

Time

  • Played on: Feb. 27, 2017, 9:56 a.m.
  • Length: 14:24

All games in this series

Show
View Real Time Build Order
Export as new Build Order

souL Terran 

Build Orders: Reaper Expand, MMM Bio 

Get SALT Encoding   

  12  0:01  SCV  
  13  0:13  SCV  
  14  0:18  Supply Depot  
  14  0:25  SCV  
  15  0:32  Refinery  
  15  0:39  SCV  
  16  0:46  Barracks  
  16  0:51  SCV  
  17  1:03  SCV  
  18  1:16  SCV  
  19  1:33  Reaper, Orbital Command  
  20  1:45  Command Center  
  20  1:56  Factory  
  20  2:00  SCV  
  21  2:05  Refinery  
  21  2:11  Barracks Reactor  
  21  2:13  SCV  
  22  2:24  Supply Depot  
  22  2:25  SCV  
  23  2:42  Starport  
  23  2:45  SCV  
  24  2:53  Hellion x2  
  24  2:55  Marine  
  24  2:57  SCV  
  30  3:02  Orbital Command  
  30  3:09  SCV  
  31  3:17  Hellion x2  
  35  3:24  Viking  
  37  3:27  Barracks Tech Lab  
  37  3:29  SCV  
  37  3:33  SCV  
  39  3:40  Supply Depot  
  39  3:41  SCV  
  39  3:45  SCV  
  41  3:53  SCV  
  42  3:57  SCV  
  42  4:02  Supply Depot  
  43  4:05  SCV  
  43  4:06  Hellion  
  43  4:11  Hellion  
  43  4:14  Raven  
  43  4:15  SCV  
  42  4:20  SCV, Barracks Tech Lab  
  43  4:26  Supply Depot  
  43  4:27  SCV  
  43  4:28  Hellion  
  46  4:33  Hellion  
  46  4:34  Armory  
  46  4:35  Supply Depot  
  46  4:36  SCV  
  49  4:43  SCV  
  50  4:47  Command Center  
  50  4:52  SCV  
  51  5:02  Marine  
  51  5:03  Raven, Stimpack  
  51  5:05  Barracks  
  51  5:06  SCV  
  55  5:07  Barracks  
  55  5:08  Factory Reactor  
  55  5:11  SCV  
  56  5:14  Supply Depot  
  56  5:20  Engineering Bay x2  
  56  5:25  Marine, SCV, Refinery  
  56  5:26  Refinery  
  59  5:28  SCV  
  59  5:37  SCV  
  59  5:38  Supply Depot  
  59  5:40  SCV  
  59  5:42  Supply Depot  
  61  5:43  Marine  
  61  5:49  SCV  
  63  5:51  Factory Reactor  
  63  5:52  SCV  
  63  5:56  Starport Reactor  
  64  5:59  Terran Infantry Armor Level 1, Terran Infantry Weapons Level 1  
  64  6:01  Marine, SCV  
  64  6:02  Orbital Command  
  66  6:04  SCV  
  66  6:08  Marine  
  66  6:10  Marine  
  69  6:15  Marine  
  69  6:16  Barracks  
  69  6:18  Marine, Barracks  
  71  6:19  Marine, SCV  
  71  6:22  SCV, Orbital Command  
  74  6:25  Marine  
  74  6:27  Armory  
  74  6:30  Marine  
  74  6:31  SCV  
  77  6:34  Medivac x2  
  77  6:35  SCV  
  77  6:39  Marine x2  
  83  6:45  Marine x2  
  87  6:47  Supply Depot, SCV  
  87  6:49  SCV  
  88  6:54  Supply Depot  
  88  6:55  SCV  
  88  6:56  Marine  
  88  6:59  SCV  
  89  7:03  SCV, Medivac  
  89  7:04  Barracks Reactor x2, Medivac  
  89  7:06  Combat Shields  
  94  7:08  SCV  
  97  7:17  Supply Depot, SCV x2  
  97  7:20  Supply Depot, SCV  
  97  7:21  Marine x2  
  102  7:25  Marine  
  102  7:27  Marine, Refinery  
  102  7:29  SCV x2  
  105  7:30  Marine, Bunker  
  105  7:33  SCV, Medivac  
  105  7:36  Medivac  
  109  7:39  Marine x2  
  109  7:41  Marine  
  109  7:42  SCV  
  109  7:43  Marine  
  114  7:47  SCV  
  114  7:48  Factory, Hellion x3  
  114  7:50  Marine, SCV  
  114  7:51  Missile Turret  
  115  7:52  Marine, Missile Turret  
  115  7:56  Marine x2  
  114  7:59  Marine  
  114  8:00  SCV  
  114  8:03  Medivac  
  114  8:04  Marine x2  
  114  8:05  SCV  
  113  8:06  Medivac  
  113  8:07  SCV  
  113  8:08  Marine  
  113  8:10  Marine  
  118  8:13  Marine  
  118  8:14  SCV  
  118  8:17  SCV  
  118  8:19  SCV  
  71  8:20  Liberator, Siege Tank  
  120  8:21  Liberator, Marine x2  
  120  8:24  Marine  
  120  8:25  Concussive Shells  
  126  8:27  Marine  
  126  8:29  Marine x3  
  128  8:35  Factory Tech Lab  
  128  8:38  Refinery  
  128  8:40  Terran Infantry Weapons Level 2  
  130  8:50  Terran Infantry Armor Level 2  
  130  8:52  Barracks  
  130  8:53  Barracks  
  129  8:56  Barracks  
  129  8:57  Marine  
  129  8:58  Marauder  
  129  9:00  Marine  
  129  9:02  Marine, Widow Mine  
  129  9:07  Siege Tank  
  133  9:12  Marine, Terran Vehicle Weapons Level 1  
  133  9:13  SCV  
  133  9:14  Marine  
  133  9:15  Marine  
  137  9:19  Marauder  
  137  9:22  Supply Depot  
  137  9:23  Supply Depot  
  136  9:27  SCV  
  136  9:30  Widow Mine, Medivac  
  139  9:32  Marine  
  139  9:35  SCV  
  141  9:39  Marine  
  141  9:40  Barracks Tech Lab x2  
  141  9:41  Widow Mine, Marauder  
  146  9:48  Marine  
  146  9:51  Marine  
  143  9:59  Widow Mine, SCV x3  
  137  10:02  Marauder  
  138  10:09  Marine, Widow Mine  
  138  10:10  Marauder  
  138  10:11  SCV x3  
  146  10:14  Medivac x2  
  146  10:15  Marine x3, Marauder  
  146  10:18  Marine  
  153  10:23  Bunker, Marauder, SCV x2  
  152  10:34  Marine  
  152  10:35  SCV x3  
  143  10:45  Marauder  
  143  10:47  SCV x2  
  143  10:48  SCV  
  143  10:49  Siege Tank x2  
  150  10:51  Medivac  
  149  11:01  Marine  
  149  11:02  Marauder  
  149  11:03  Marine x2  
  149  11:04  Marine  
  154  11:11  Marine, Marauder  
  146  11:14  Medivac  
  146  11:15  Marine  
  146  11:16  Marauder  
  151  11:21  Siege Tank  
  151  11:24  Marauder  
  156  11:28  Marine  
  156  11:30  Command Center  
  157  11:33  Marauder, Medivac  
  161  11:43  Marine  
  161  11:44  Marauder, Medivac  
  151  11:48  Siege Tank, Command Center  
  151  11:53  Barracks Tech Lab  
  152  11:54  Marine, Marauder x2  
  152  11:59  Widow Mine  
  152  12:00  Marine  
  150  12:08  Medivac  
  148  12:10  Marine  
  148  12:11  Marine, Marauder  
  148  12:12  Marauder  
  148  12:14  Medivac  
  156  12:16  Marauder  
  158  12:25  Marine  
  161  12:30  Marine  
  161  12:32  Marine  
  161  12:36  Marine x4  
  165  12:38  Medivac  
  165  12:40  Supply Depot  
  153  12:46  Marine  
  153  12:48  Marine  
  153  12:49  Marauder  
  153  12:50  Marine x4  
  143  12:51  Siege Tank  
  143  12:54  Marine  
  143  12:55  Marine  
  148  12:59  Marine  
  148  13:05  Marine  
  144  13:07  Marine  
  144  13:08  Liberator, Marine x3  
  144  13:10  Marine  
  144  13:11  Marauder  
  145  13:14  Marine  
  145  13:17  Unknown x2  
  145  13:19  Marine  
  149  13:20  Marauder  
  152  13:32  Siege Tank  
  155  13:36  Marauder  
  157  13:44  Marine, Marauder  
  157  13:45  Marine  
  164  13:56  Marine  
  164  13:58  Marine  
  164  14:01  Marine  
  164  14:06  Marine  
Show
View Real Time Build Order
Export as new Build Order

Elazer Zerg - Winner!

Build Orders: Hatch First 

Get SALT Encoding   

  12  0:00  Drone  
  13  0:13  Overlord  
  13  0:17  Drone  
  14  0:31  Drone x2  
  14  0:35  Drone  
  17  0:54  Hatchery  
  16  0:57  Drone  
  16  1:00  Drone  
  18  1:11  Extractor  
  18  1:16  Spawning Pool  
  16  1:20  Drone  
  16  1:23  Drone  
  18  1:30  Drone  
  19  1:40  Overlord  
  19  2:02  Queen  
  19  2:03  Zergling x4  
  19  2:05  Queen  
  19  2:06  Drone  
  26  2:12  Metabolic Boost  
  26  2:31  Hatchery  
  26  2:33  Drone  
  26  2:36  Drone  
  27  2:38  Drone  
  27  2:41  Drone  
  29  2:47  Drone  
  29  2:48  Drone  
  31  2:53  Overlord  
  31  2:56  Drone  
  32  2:59  Drone  
  32  3:04  Drone  
  34  3:09  Drone  
  35  3:14  Queen  
  35  3:15  Drone x2  
  35  3:16  Drone  
  35  3:18  Zergling x2  
  41  3:20  Drone  
  41  3:27  Overlord  
  42  3:28  Drone x2  
  44  3:34  Roach Warren  
  44  3:38  Zergling x2  
  44  3:44  Drone x2  
  44  3:45  Zergling x2  
  47  3:48  Drone  
  47  3:49  Drone  
  47  3:50  Queen  
  51  3:56  Overlord  
  51  3:57  Drone  
  51  4:06  Drone x2  
  51  4:08  Drone x2  
  51  4:09  Drone x2  
  49  4:10  Drone x2  
  49  4:15  Drone x2  
  49  4:16  Drone  
  54  4:19  Spore Crawler  
  53  4:24  Overlord  
  53  4:26  Queen  
  53  4:28  Drone  
  53  4:30  Overlord  
  56  4:35  Overlord  
  56  4:40  Evolution Chamber  
  56  4:43  Evolution Chamber  
  54  4:48  Zergling x4  
  54  4:49  Overlord  
  54  4:50  Drone x3  
  59  4:59  Drone x2  
  61  5:02  Spine Crawler  
  61  5:03  Queen  
  61  5:05  Zerg Melee Weapons Level 1  
  62  5:08  Zerg Ground Armor Level 1  
  62  5:10  Drone x2  
  62  5:12  Zergling x2  
  65  5:16  Overlord  
  64  5:22  Drone x4  
  64  5:26  Extractor  
  64  5:28  Overlord  
  67  5:29  Drone  
  67  5:30  Drone x4  
  67  5:31  Drone  
  67  5:34  Drone x2  
  72  5:39  Overlord  
  72  5:42  Roach Warren  
  70  5:45  Lair  
  70  5:46  Drone  
  70  5:48  Drone  
  70  5:49  Extractor  
  70  5:51  Drone x2  
  70  5:53  Drone  
  73  5:58  Overlord  
  73  6:03  Overlord  
  73  6:05  Drone x4  
  73  6:06  Drone  
  73  6:07  Drone x2  
  73  6:08  Drone  
  77  6:15  Zergling x4  
  79  6:21  Overlord  
  79  6:22  Roach x4  
  87  6:27  Extractor  
  87  6:29  Roach x2  
  90  6:33  Extractor  
  90  6:34  Drone x3  
  90  6:38  Hatchery, Drone x3  
  91  6:44  Overlord  
  90  6:48  Zergling x4  
  90  6:51  Zergling x4  
  90  6:52  Zergling x4  
  96  6:57  Overlord  
  96  6:58  Roach  
  96  6:59  Roach  
  100  7:04  Zergling x2  
  100  7:05  Zergling x2, Hatchery  
  100  7:06  Infestation Pit  
  100  7:13  Zerg Melee Weapons Level 2  
  100  7:14  Zerg Ground Armor Level 2  
  100  7:17  Drone x2  
  100  7:18  Drone x2  
  104  7:25  Overlord  
  104  7:26  Baneling Nest  
  104  7:29  Glial Reconstitution  
  102  7:31  Drone x7  
  102  7:35  Drone  
  110  7:41  Zergling x14  
  116  7:47  Hive  
  116  7:48  Overlord  
  116  7:50  Zergling x4  
  118  7:57  Overlord  
  118  8:00  Drone x3  
  118  8:04  Queen  
  118  8:05  Overlord  
  117  8:10  Centrifical Hooks  
  117  8:11  Overlord  
  116  8:14  Zergling x2  
  116  8:15  Zergling x6  
  116  8:19  Zergling x2  
  120  8:20  Zergling x6  
  123  8:30  Baneling x2  
  123  8:31  Baneling x4  
  123  8:35  Overlord  
  123  8:36  Zergling x6  
  123  8:37  Zergling x8  
  130  8:43  Spore Crawler, Baneling x3  
  130  8:47  Overlord  
  130  8:48  Zergling x14  
  133  9:02  Adrenal Glands  
  131  9:03  Ultralisk Cavern  
  131  9:04  Zergling x8  
  131  9:05  Zergling x2  
  131  9:08  Drone  
  131  9:09  Spore Crawler, Overlord  
  134  9:10  Zergling x2  
  134  9:11  Zergling x16  
  143  9:18  Drone  
  143  9:20  Zergling x2  
  143  9:21  Zergling x18  
  153  9:25  Zergling x2  
  153  9:26  Zergling x4  
  154  9:41  Baneling x4  
  154  9:42  Baneling x5  
  154  9:43  Zergling x24  
  154  9:44  Zergling x4  
  152  9:59  Overlord  
  145  10:01  Drone  
  145  10:02  Extractor  
  145  10:03  Chitinous Plating  
  145  10:04  Drone x5  
  145  10:05  Drone x2  
  145  10:06  Ultralisk x2  
  164  10:08  Ravager  
  164  10:09  Ravager x2  
  164  10:12  Baneling x3  
  164  10:13  Baneling  
  165  10:23  Queen  
  165  10:24  Overlord  
  147  10:31  Overlord  
  147  10:34  Overlord  
  143  10:36  Overlord  
  143  10:40  Overlord  
  143  10:41  Spore Crawler  
  141  10:43  Overlord  
  141  10:44  Zergling x14  
  141  10:46  Ultralisk  
  154  10:50  Drone x4  
  154  10:51  Drone  
  154  10:52  Drone  
  158  10:59  Queen  
  158  11:01  Overlord  
  155  11:10  Overlord  
  149  11:12  Ravager x4  
  153  11:22  Baneling x3  
  153  11:25  Ultralisk  
  159  11:33  Zergling x16  
  159  11:34  Hatchery, Baneling  
  159  11:35  Baneling x7  
  162  11:44  Zergling x20  
  162  11:45  Overseer  
  162  11:46  Overseer  
  153  11:49  Overlord  
  147  11:59  Infestor  
  147  12:01  Drone x3  
  144  12:06  Zergling x16  
  149  12:09  Infestor  
  151  12:16  Infestor  
  151  12:18  Drone  
  151  12:19  Extractor  
  151  12:21  Drone  
  151  12:22  Drone x2  
  156  12:23  Drone x3  
  159  12:31  Zergling x18  
  159  12:34  Burrow  
  151  12:49  Ultralisk x2, Zergling x26  
  160  12:52  Zergling x2  
  160  12:53  Zergling x4  
  147  13:08  Ultralisk  
  147  13:09  Zergling x14  
  147  13:11  Ultralisk  
  163  13:20  Ultralisk  
  163  13:25  Zergling x14  
  176  13:31  Ultralisk  
  181  13:38  Drone  
  181  13:39  Spore Crawler  
  181  13:48  Zergling x12  
  186  13:50  Baneling x8  

Tags
 
Add a new tag
Caveats
  • Supply blocks, unpowered buildings, or Contaminate may cause inaccurate times.
  • Supply counts are checked every 10 seconds.